 Dungeon Crawl Stone Soup version 0.30-a0-1035-g38d5fb2972 (webtiles) character file.

Game seed: 4934709159136256076

39 MacCMillion the Chopper (level 3, 30/31 HPs)
             Began as a Minotaur Fighter on Apr 8, 2023.
             Quit the game on level 2 of the Dungeon.
             The game lasted 00:01:53 (1027 turns).

MacCMillion the Chopper (Minotaur Fighter)          Turns: 1027, Time: 00:01:54

Health: 30/31      AC:  6    Str: 22    XL:     3   Next: 28%
Magic:  2/2        EV:  9    Int:  5    God:
Gold:   63         SH:  4    Dex:  9    Spells: 2/2 levels left

rFire   . . .      SeeInvis .    a - +0 war axe
rCold   . . .      Faith    .    c - +0 buckler
rNeg    . . .      Spirit   .    b - +0 scale mail
rPois   .          Reflect  .    (helmet restricted)
rElec   .          Rampage  .    (no cloak)
rCorr   .                        (no gloves)
Will    .....                    (no boots) Stlth
                                 (no amulet)
HPRegen 0.25/turn                (no ring)
MPRegen 0.08/turn                (no ring)

@: no status effects
A: horns 2, retaliatory headbutt
a: no special abilities


You were on level 2 of the Dungeon.
You visited 1 branch of the dungeon, and saw 2 of its levels.

You collected 63 gold pieces.

Inventory:

Hand Weapons
 a - a +0 war axe (weapon)
Armour
 b - a +0 scale mail (worn)
 c - a +0 buckler (worn)
 g - a +0 pair of gloves
Jewellery
 i - a ring of flight
Scrolls
 e - a scroll of poison {unknown}
 f - a scroll of fear {unknown}
 h - 2 scrolls of identify {unknown}
Potions
 d - a potion of might


   Skills:
 - Level 3.6 Fighting
 + Level 4.3 Axes
 - Level 3.6 Armour
 - Level 4.0 Shields


You had 2 spell levels left.
You didn't know any spells.
Your spell library was empty.

Dungeon Overview and Level Annotations

Branches:
Dungeon (2/15)

Altars:


Innate Abilities, Weirdness & Mutations

You have a pair of horns on your head.
You reflexively headbutt those who attack you in melee.


Message History

There are monsters nearby!
There are monsters nearby!
The kobold hits you but does no damage.
You slash the kobold!
You kill the kobold!
You closely miss the giant cockroach.
The giant cockroach bites you but does no damage. x2
You closely miss the giant cockroach.
A bat comes into view.
The giant cockroach closely misses you.
The giant cockroach bites you but does no damage.
The bat moves out of view.
You hit the giant cockroach.
The giant cockroach is almost dead.
The giant cockroach bites you.
You slash the giant cockroach!
You kill the giant cockroach!
The bat barely misses you.
You miss the bat. The bat hits you but does no damage. The bat hits you.
A bat is nearby!
A bat is nearby!
The bat hits you but does no damage. The bat closely misses you.
The bat hits you but does no damage.
You closely miss the bat. The bat hits you but does no damage.
The bat hits you. The bat hits you but does no damage.
You block the bat's attack.
You closely miss the bat. The bat barely misses you.
The bat closely misses you.
You barely miss the bat. The bat completely misses you.
You block the bat's attack. The bat hits you but does no damage.
The bat hits you.
You miss the bat. Your headbutt misses the bat.
The bat hits you but does no damage. The bat closely misses you.
You furiously retaliate!
You headbutt the bat.
You kill the bat!
No target in view!
No target in view!
Are you sure you want to abandon this character and quit the game? (Confirm with "yes".)

.....#..........
...............
..............
............. . .......
#...### ..##
.......###....# ....
##.......#.)†.#### #...
#......@.........#.##...
.................#.##...
#................#.#....
##...............#.#....
#....##.........†.#....
#.... #.....##....#....
#.... #.....##....#....
#.... #........†..##.##
#... #.........####.#


There were no monsters in sight!

Vanquished Creatures
  3 ball pythons
  7 bats
  3 endoplasms (D:1)
  A giant cockroach (D:2)
  2 goblins (D:1)
  3 hobgoblins
  4 jackals (D:1)
  3 kobolds
  2 quokkas (D:1)
  2 frilled lizards (D:1)
  5 rats
35 creatures vanquished.

Notes
Turn   | Place    | Note
-------+----------+-------------------------------------------
     0 | D:1      | MacCMillion the Minotaur Fighter began the quest for the
                  | Orb.
     0 | D:1      | Reached XP level 1. HP: 19/19 MP: 0/0
    82 | D:1      | Reached XP level 2. HP: 26/26 MP: 1/1
   614 | D:1      | Reached XP level 3. HP: 31/31 MP: 2/2
  1027 | D:2      | Quit the game

Illustrated notes

Levels and vault maps discovered:
D:1:      giann_forest_graveyard, layout_basic, moated_statue
D:2:      layout_basic, basic_altar, dreamdust_mushroom_princess

Skill      XL: |  1  2 |
---------------+-------+-----
Shields        | 4 |  4.0
Axes           | 3 4 |  4.3
Fighting       | |  3.6
Armour         | |  3.6

Action                     || total
---------------------------++-------
  Melee: War axe           ||    74
         Headbutt          ||     8
 Armour: Scale mail        ||    43
  Dodge: Dodged            ||    38
  Block: Buckler           ||    12

Table legend: (Time is in decaauts)
 A = Elapsed time spent in this place.
 B = Non-inter-level travel time spent in this place.
 C = Inter-level travel time spent in this place.
 D = Time resting spent in this place.
 E = Time spent auto-exploring this place.
 F = Levels seen in this place.
 G = Mean time per level.
                   A        B        C        D        E       F      G
               +--------+--------+--------+--------+--------+-----+--------+
         Total |   1053 |   1038 |     15 |    100 |    732 |   2 |  526.5 |
       Dungeon |   1053 |   1038 |     15 |    100 |    732 |   2 |  526.5 |
               +--------+--------+--------+--------+--------+-----+--------+

Top non-repeatable levels by time:
     D:1: 966 daAuts
     D:2: 86 daAuts
